[Event "*** SCC Grand Prix: Titled Tuesday Blitz"]
[Site "Chess.com"]
[Date "2020.06.09"]
[Round "8"]
[White "kirillshevchenko"]
[Black "Karateloru"]
[Result "1-0"]
[WhiteElo "2901"]
[BlackElo "2624"]
[TimeControl "180+1"]
[EndTime "10:35:32 PDT"]
[Termination "kirillshevchenko won by checkmate"]

1. e4 c5 2. Nf3 e6 3. d4 cxd4 4. Nxd4 Bc5 5. Nb3 Bb6 6. c4 Ne7 7. Nc3 O-O 8. Bd3 f5 9. O-O Nbc6 10. c5 Bc7 11. Nb5 Be5 12. f4 fxe4 13. Bxe4 Bf6 14. Be3 b6 15. Qc2 Nf5 16. Bxf5 exf5 17. Nd6 Ba6 18. Rfe1 g6 19. Rad1 Qc7 20. Qd2 Kg7 21. a4 Rab8 22. Nb5 Qc8 23. Qxd7+ Kh8 24. cxb6 axb6 25.
Qxc8 Rfxc8 26. Nd6 Rc7 27. Nd4 Nb4 28. Ne6 Rc2 29.
Nf7+ Kg8 30. Nh6+ Kh8 31. Bd4 Bxd4+ 32. Rxd4 Nd3 33. Rd7 Nxe1 34. Rg7 Rc7 35. Rxc7 Bc8 36. Ng5 Bb7 37. Rxh7# 1-0

[Event "*** SCC Grand Prix: Titled Tuesday Blitz"]
[Site "Chess.com"]
[Date "2020.06.09"]
[Round "8"]
[White "TregubovP"]
[Black "ZAbdumalik"]
[Result "0-1"]
[WhiteElo "2570"]
[BlackElo "2732"]
[TimeControl "180+1"]
[EndTime "10:35:32 PDT"]
[Termination "ZAbdumalik won by resignation"]

1. e4 e5 2. Nf3 Nc6 3. Bb5 a6 4. Ba4 Nf6 5. d4 exd4 6. O-O b5 7. Bb3 Be7 8. e5 Ne4 9. Nxd4 Nc5 10. Nf5 O-O 11. Qg4 g6 12. Nxe7+ Qxe7 13. Qg3 Qxe5 14. Bf4 Qxb2 15. Nd2 Nxb3 16. cxb3 d6 17. Rac1 Nd4 18.
Qe3 Bf5 19. Rb1 Bxb1 20. Rxb1 Qc3 21. Ne4 Qxe3 22. Bxe3 Nf5 23. Bd2 f6 24. Rc1 Rac8 25.
g4 Nd4 26. Kg2 Kf7 27. Be3 Ne6 28. Rc6 Ke7 29. Nc3 Kd7 30. Rxa6 Ra8 31. Rxa8 Rxa8 32. Kf3 b4 33. Na4 d5 34. Bd2 Rb8 35. Ke3 Kd6 36.
f4 c5 37. f5 gxf5 38. gxf5 Nd4 39. Kd3 Rg8 40. Be3 Rg4 41. Nb6 Nxf5 42. Bf2 Rf4 43. Be1 Rf3+ 44. Ke2 Rh3 45. Nc8+ Ke5 46. Nb6 Rxh2+ 0-1

[Event "*** SCC Grand Prix: Titled Tuesday Blitz"]
[Site "Chess.com"]
[Date "2020.06.09"]
[Round "8"]
[White "anastasiyakarlovych"]
[Black "CrazyMartian"]
[Result "1/2-1/2"]
[WhiteElo "2000"]
[BlackElo "2281"]
[TimeControl "180+1"]
[EndTime "10:35:32 PDT"]
[Termination "Game drawn by repetition"]

1. e4 c5 2. Nf3 d6 3. Bc4 Nf6 4. e5 dxe5 5. Nxe5 e6 6. Qe2 Bd7 7. b3 Nc6 8. Bb2 Nxe5 9. Bxe5 Bc6 10. O-O Bd6 11. Bb2 Qc7 12. h3 Nd5 13. Bxd5 Bxd5 14.
c4 Bc6 15. d4 cxd4 16. Bxd4 O-O 17. Qg4 Be5 18. Bxe5 Qxe5 19. Nd2 Rad8 20. Nf3 Qe4 21. Rad1 Qxg4 22. hxg4 Bxf3 23. gxf3 f6 24. f4 Kf7 25. f3 h6 26. Kf2 Ke7 27. Ke3 a6 28. Rfe1 Rc8 29.
Rd2 Rfd8 30. Red1 Rxd2 31. Rxd2 b5 32. cxb5 axb5 33. a4 bxa4 34. bxa4 Rc4 35. Ra2 Kd6 36. a5 Kc7 37. a6 Kb8 38. a7+ Ka8 39. Ra6 Rc3+ 40.
Ke4 Rc4+ 41. Ke3 Rc3+ 42. Ke4 Rc4+ 43. Ke3 1/2-1/2

[Event "*** SCC Grand Prix: Titled Tuesday Blitz"]
[Site "Chess.com"]
[Date "2020.06.09"]
[Round "8"]
[White "crazy_but_lazy"]
[Black "PavelChernomordik"]
[Result "1-0"]
[WhiteElo "2421"]
[BlackElo "2278"]
[TimeControl "180+1"]
[EndTime "10:35:33 PDT"]
[Termination "crazy_but_lazy won by resignation"]

1. d4 g6 2. e4 Bg7 3. Nc3 d6 4.
h3 c6 5. a4 a5 6. Be3 Na6 7.
g4 Nb4 8. Bg2 Nf6 9. Nge2 h5 10.
g5 Nd7 11. Qd2 e5 12. O-O O-O 13. f4 exd4 14. Nxd4 Nc5 15. Rae1 Bd7 16. f5 Be5 17. Nf3 Bg3 18. Rd1 Re8 19. Bxc5 dxc5 20. Qxd7 Qb6 21. fxg6 fxg6 22. Nd2 c4+ 23. Kh1 Rf8 24. Qe6+ Kh8 25. Qxg6 Nxc2 26. Qxh5+ Kg8 27. Qg6+ Kh8 28. Qh6+ Kg8 29.
Nxc4 Qc7 30. Qe6+ Kh8 31. Rd7 Rxf1+ 32. Bxf1 Qxd7 33. Qxd7 Rf8 34. Bd3 Ne1 35. e5 Nxd3 36.
Qxd3 Bh4 37. Ne4 Kg7 38. Nf6 Rh8 39. Nd6 Bxg5 40. Nf5+ Kg6 41. Ne7+ Kf7 42. Qg6+ Kxe7 43. Qxg5 Rxh3+ 44. Kg2 Rb3 45. Qg7+ Ke6 46. Qg8+ Kxe5 47. Qxb3 Kxf6 48. Qxb7 1-0

[Event "*** SCC Grand Prix: Titled Tuesday Blitz"]
[Site "Chess.com"]
[Date "2020.06.09"]
[Round "8"]
[White "MusicCityMaster"]
[Black "maciejos95"]
[Result "1-0"]
[WhiteElo "2344"]
[BlackElo "2465"]
[TimeControl "180+1"]
[EndTime "10:35:34 PDT"]
[Termination "MusicCityMaster won by resignation"]

1. e4 c5 2. Nf3 d6 3. d4 cxd4 4. Nxd4 Nf6 5. Nc3 g6 6. Bg5 Bg7 7. Bb5+ Bd7 8. Qe2 O-O 9. O-O-O Bxb5 10. Ndxb5 a6 11. Nd4 Qa5 12. f4 Nc6 13. Nb3 Qc7 14. Bxf6 exf6 15. Nd5 Qd8 16. Rhe1 Rc8 17. Kb1 a5 18.
Qb5 Ne7 19. Qxa5 Nxd5 20. Rxd5 Qe7 21. Qd2 f5 22. exf5 Qf6 23. c3 Rfe8 24. Rd1 Re4 25.
g4 Qe7 26. Rxd6 Re2 27. Rd8+ Bf8 28. Qd3 Rxd8 29. Qxd8 Qe3 30. fxg6 hxg6 31. f5 Qf2 32. Rd2 Re1+ 33. Kc2 Qf3 34. fxg6 fxg6 35. Qd5+ Qxd5 36. Rxd5 Re4 37. h3 Re3 38. Rd3 Re2+ 39. Nd2 Re3 40.
Rxe3 1-0

[Event "*** SCC Grand Prix: Titled Tuesday Blitz"]
[Site "Chess.com"]
[Date "2020.06.09"]
[Round "8"]
[White "szefru"]
[Black "kuba2006"]
[Result "0-1"]
[WhiteElo "2131"]
[BlackElo "2306"]
[TimeControl "180+1"]
[EndTime "10:35:34 PDT"]
[Termination "kuba2006 won on time"]

1. b3 Nf6 2. Bb2 g6 3. Nf3 Bg7 4. d3 O-O 5. e4 d6 6. Be2 e5 7. Nbd2 Nc6 8. O-O Nh5 9. g3 Kh8 10. Nh4 Nf4 11. Bg4 f5 12. exf5 gxf5 13. Bf3 Nh3+ 14.
Kg2 Ng5 15. Bxc6 bxc6 16. f4 Nf7 17. Qh5 Qf6 18. fxe5 Nxe5 19. Ne4 Qh6 20. Qxh6 Bxh6 21. Bxe5+ dxe5 22. Nc5 Be3 23. Na4 c5 24. Rae1 Bb7+ 25. Kh3 f4 26. Nc3 Bd2 27. Rxe5 Bxc3 28. Re7 Rac8 29.
gxf4 Bf6 30. Rd7 Bc6 31. Rd6 cxd6 0-1

[Event "*** SCC Grand Prix: Titled Tuesday Blitz"]
[Site "Chess.com"]
[Date "2020.06.09"]
[Round "8"]
[White "Kostya26"]
[Black "AcsinteMatei"]
[Result "0-1"]
[WhiteElo "2418"]
[BlackElo "2334"]
[TimeControl "180+1"]
[EndTime "10:35:35 PDT"]
[Termination "AcsinteMatei won by resignation"]

1. e4 c6 2. d4 d5 3. exd5 cxd5 4.
c3 Nf6 5. Bd3 Nc6 6. h3 e6 7.
Nf3 Bd6 8. Bg5 h6 9. Bh4 g5 10. Bg3 Bxg3 11. fxg3 Qc7 12. g4 Qg3+ 13. Kf1 Bd7 14.
Qe1 Qc7 15. Nbd2 O-O-O 16. Ne5 Rdf8 17. Ndf3 h5 18. gxh5 Nxh5 19. Rg1 f6 20. Ng6 e5 21. Nxf8 Rxf8 22. Bb5 e4 23. Bxc6 Bxc6 24. Qe3 exf3 25. Qxf3 Ng3+ 26. Kf2 Ne4+ 27. Ke2 Qb6 28. Rab1 Re8 29.
Kd3 Nd6 30. Kc2 Qa6 31. Rge1 Ne4 32. Qg4+ Kb8 33. a3 Ba4+ 34. Kc1 Qd3 35. Qe2 Qg3 36. Rf1 Rc8 37. Rf3 Qh2 38. g4 Qxe2 0-1

[Event "*** SCC Grand Prix: Titled Tuesday Blitz"]
[Site "Chess.com"]
[Date "2020.06.09"]
[Round "8"]
[White "chito89"]
[Black "RaunakSadhwani2005"]
[Result "1-0"]
[WhiteElo "2767"]
[BlackElo "2892"]
[TimeControl "180+1"]
[EndTime "10:35:36 PDT"]
[Termination "chito89 won by resignation"]

1. e4 c6 2. d4 d5 3. Nc3 dxe4 4.
Nxe4 Nf6 5. Nxf6+ exf6 6. Bc4 Bd6 7. Qe2+ Be7 8. Nf3 O-O 9. O-O Bg4 10. c3 Bd6 11. Qe4 Bh5 12. Nh4 Nd7 13. a4 Nb6 14.
Bd3 Bg6 15. Nxg6 hxg6 16. a5 Nd5 17. a6 b5 18. g3 f5 19. Qf3 Qd7 20. Bxb5 Bxg3 21.
hxg3 cxb5 22. Bd2 Rfe8 23. Rfe1 Rxe1+ 24. Rxe1 f6 25. Re7 Nxe7 26. Qxa8+ Kf7 27. Qb7 Ke6 28.
Bf4 Nc6 29. Qxb5 g5 30. Be3 Qd5 31. c4 Qxb5 32. cxb5 Nb4 33. d5+ Kxd5 34. Bxa7 Kc4 35. b6 Nxa6 36. b7 Kb3 37. b8=Q+ Nxb8 38. Bxb8 Kxb2 39.
Bd6 Kc3 40. Bf8 g6 41. Bg7 g4 42. Bxf6+ Kd3 43. Bg5 Ke4 44. Kf1 Kf3 45. Ke1 1-0

[Event "*** SCC Grand Prix: Titled Tuesday Blitz"]
[Site "Chess.com"]
[Date "2020.06.09"]
[Round "8"]
[White "mortngabriel"]
[Black "kot60"]
[Result "1/2-1/2"]
[WhiteElo "2464"]
[BlackElo "2359"]
[TimeControl "180+1"]
[EndTime "10:35:36 PDT"]
[Termination "Game drawn - insufficient material"]

1. e4 e5 2. Nc3 Bc5 3. Bc4 d6 4.
d3 Nc6 5. f4 Bxg1 6. Rxg1 Qh4+ 7. g3 Qxh2 8. Be3 Nf6 9. Nd5 Nxd5 10. Bxd5 Nb4 11. Bb3 Be6 12. Qd2 Qxd2+ 13. Kxd2 Bxb3 14. axb3 a6 15. c3 Nc6 16. d4 O-O 17. d5 Ne7 18. c4 f5 19. fxe5 fxe4 20. Bf4 dxe5 21. Bxe5 Rac8 22. Ke3 Rfe8 23. Bc3 Nf5+ 24. Ke2 e3 25. g4 Nd6 26. Rg3 b5 27. c5 Ne4 28.
Rxe3 Nxc5 29. b4 Rxe3+ 30. Kxe3 Re8+ 31. Kf3 Na4 32. Bd4 Rd8 33. Ke4 Re8+ 34. Kd3 Rf8 35. b3 Nb6 36. Bxb6 cxb6 37. Rxa6 Rf4 38. d6 Kf7 39. Rxb6 Rxb4 40. Rb7+ Ke6 41. Rxg7 Rxb3+ 42. Kc2 Rb4 43. d7 Rd4 44. Rxh7 Rxd7 45. Rxd7 Kxd7 46. Kc3 Ke6 47. Kb4 Kf6 48. Kxb5 Kg5 49. Kb6 Kxg4 1/2-1/2

[Event "*** SCC Grand Prix: Titled Tuesday Blitz"]
[Site "Chess.com"]
[Date "2020.06.09"]
[Round "8"]
[White "TheBigBadChessDad"]
[Black "mbachez"]
[Result "1/2-1/2"]
[WhiteElo "2282"]
[BlackElo "2528"]
[TimeControl "180+1"]
[EndTime "10:35:37 PDT"]
[Termination "Game drawn by repetition"]

1. d4 Nf6 2. Nf3 d5 3. Bf4 e6 4. e3 c5 5. Nbd2 Bd6 6. Bg3 O-O 7. c3 Qc7 8. Ne5 Nc6 9. f4 Ne7 10. Bd3 Nf5 11. Bf2 Be7 12. g4 Nd6 13. Qf3 b6 14. Bh4 Bb7 15. Bxf6 Bxf6 16. g5 Be7 17. O-O g6 18. h4 f5 19. h5 Kg7 20. Kg2 Ne4 21. Bxe4 dxe4 22. Qh3 Rh8 23. Kf2 Bd6 24. Ndc4 cxd4 25.
cxd4 Bxe5 26. Nxe5 Qc2+ 27. Kg3 Qe2 28. h6+ Kf8 29. Rfe1 Qb5 30. Rac1 Ke7 31. Rc7+ Ke8 32. Rxb7 Rc8 33. Qg2 Qa6 34. Rg7 Qxa2 35. Nf7 Qa5 36. Re2 Rc1 37. Nxh8 Qa1 38. Rxh7 Rg1 39. Nxg6 Rxg2+ 40. Kxg2 Qd1 41. Rf2 Qg4+ 42. Kf1 Qd1+ 43. Kg2 Qg4+ 44.
Kf1 Qd1+ 45. Kg2 1/2-1/2

[Event "*** SCC Grand Prix: Titled Tuesday Blitz"]
[Site "Chess.com"]
[Date "2020.06.09"]
[Round "8"]
[White "snap_man"]
[Black "FMOlexandrProhorov"]
[Result "0-1"]
[WhiteElo "2286"]
[BlackElo "2091"]
[TimeControl "180+1"]
[EndTime "10:35:37 PDT"]
[Termination "FMOlexandrProhorov won by resignation"]

1. e4 c5 2. Nf3 e6 3. g3 Nc6 4. Bg2 g6 5. O-O Bg7 6. Re1 Nge7 7. c3 O-O 8. d4 cxd4 9. cxd4 d5 10. e5 Qb6 11. Nc3 Nf5 12. Na4 Qc7 13. Bf1 Nb4 14. Nc3 Bd7 15. a3 Nc6 16. Bg5 Rae8 17. g4 Nfe7 18. Qd2 f6 19. exf6 Bxf6 20. Bh6 Rf7 21. Nb5 Qb6 22. Nd6 Nxd4 23. Nxd4 Qxd6 24. Bg2 Bh4 25. Nf3 Bf6 26. Bf4 Qb6 27. Be5 Nc6 28. Bxf6 Rxf6 29. g5 Rf5 30. Nh4 Rf7 31. Re2 Ref8 32.
Rf1 Nd4 33. Re3 Bb5 34. Rd3 Rf4 35. Nf3 Nxf3+ 36. Rxf3 Rxf3 37. Bxf3 Bxf1 38. Bg4 Bc4 0-1

[Event "*** SCC Grand Prix: Titled Tuesday Blitz"]
[Site "Chess.com"]
[Date "2020.06.09"]
[Round "8"]
[White "maciek_92"]
[Black "Msb2"]
[Result "0-1"]
[WhiteElo "2681"]
[BlackElo "2844"]
[TimeControl "180+1"]
[EndTime "10:35:38 PDT"]
[Termination "Msb2 won by resignation"]

1. c4 e6 2. Nf3 d5 3. g3 dxc4 4.
Qa4+ Bd7 5. Qxc4 c5 6. Nc3 Bc6 7. Bg2 Nd7 8. O-O Ngf6 9. Qb3 Be7 10. d3 O-O 11. a4 b6 12. Rd1 Qc7 13. Nb5 Qb7 14.
Bf4 e5 15. Bg5 h6 16. Bxf6 Nxf6 17. Ne1 Bxg2 18. Nxg2 Rfd8 19. Nc3 e4 20. dxe4 Nxe4 21. Nd5 Nf6 22. Nge3 Rac8 23. Qc4 Nxd5 24. Nxd5 Bf8 25.
Rd3 a6 26. Rad1 b5 27. axb5 axb5 28. Qe4 Qb8 29. Qg4 Rd6 30. e4 Re8 31. Qf5 c4 32.
Rd4 Qa7 33. Kg2 Ree6 34. e5 Ra6 35. Nf4 g6 36. Qe4 Re8 37. Rd7 Qa8 38. Qxa8 Raxa8 39. e6 Re7 40. exf7+ Kxf7 41. R7d5 g5 42. Rf5+ Kg8 43. Nd5 Rb7 44. h4 gxh4 45. gxh4 Bg7 46. Rd2 Kh8 47. Re2 b4 48. h5 b3 49. Nf4 c3 50. Nd3 c2 51. Rc5 Ra1 52. Re8+ Kh7 53. Rec8 Rd1 54.
Nf4 Bxb2 55. Ne6 c1=Q 56. Nf8+ Kg7 57. Ne6+ Kf7 58. Rxc1 Rxc1 59. Rxc1 Bxc1 60. Nd8+ Ke7 61. Nxb7 b2 0-1

[Event "*** SCC Grand Prix: Titled Tuesday Blitz"]
[Site "Chess.com"]
[Date "2020.06.09"]
[Round "8"]
[White "sasko1234"]
[Black "iaraldinho"]
[Result "1/2-1/2"]
[WhiteElo "2481"]
[BlackElo "2625"]
[TimeControl "180+1"]
[EndTime "10:35:38 PDT"]
[Termination "Game drawn by repetition"]

1. b3 f5 2. Bb2 d6 3. e3 e5 4. d4 e4 5. c4 Nf6 6. Nc3 g6 7. Be2 Bg7 8. h4 h6 9. Nh3 O-O 10. Nf4 Qe8 11. Ncd5 Nxd5 12. cxd5 c6 13. Bc4 b5 14. Be2 cxd5 15. Nxd5 Qd7 16. Rc1 Na6 17. Qd2 Bb7 18. Nf4 Kh7 19. Qa5 Rac8 20. Bxb5 Rxc1+ 21. Bxc1 Qc7 22. Qxc7 Nxc7 23. Be2 Rc8 24. Ba3 Nd5 25.
Nxd5 Bxd5 26. Kd2 Rc6 27. Rc1 Rxc1 28. Kxc1 Bf8 29. Kd2 Be7 30. g3 g5 31. hxg5 hxg5 32. Bb4 Kg6 33. Kc3 Kf6 34. a3 Ke6 35. Ba5 Bf6 36.
Bc4 f4 37. gxf4 gxf4 38. Bc7 f3 39. Kd2 Bh4 40. Ke1 Be7 41. Ba5 Bxc4 42. bxc4 d5 43. c5 Kd7 44. a4 Kc6 45. Kf1 Bh4 46. Be1 Bd8 47. Kg1 Bc7 48. Kf1 Bh2 49. Bd2 Bc7 50.
Be1 Bd8 51. Bd2 Bc7 52. Kg1 Kb7 53. Kf1 Kc6 1/2-1/2

[Event "*** SCC Grand Prix: Titled Tuesday Blitz"]
[Site "Chess.com"]
[Date "2020.06.09"]
[Round "8"]
[White "chessmaugli"]
[Black "Munkhzul_Turmunkh"]
[Result "0-1"]
[WhiteElo "2430"]
[BlackElo "2597"]
[TimeControl "180+1"]
[EndTime "10:35:40 PDT"]
[Termination "Munkhzul_Turmunkh won on time"]

1. e4 c5 2. Nf3 d6 3. Bb5+ Nd7 4.
d4 cxd4 5. Qxd4 a6 6. Bxd7+ Bxd7 7. c4 Nf6 8. Nc3 e6 9. Bg5 Be7 10. O-O O-O 11. Bxf6 Bxf6 12. Qxd6 Bxc3 13. bxc3 Bc6 14. Qxd8 Rfxd8 15. Rfe1 Rac8 16. Rab1 Rd3 17. Rb3 Ba4 18. Rxb7 Rxc3 19. Ne5 f6 20. Nd7 R3xc4 21. f3 Rc1 22. Rxc1 Rxc1+ 23. Kf2 Rc2+ 24. Kg3 e5 25. Nb6 Rb2 26.
Rb8+ Kf7 27. Nd7 Rxa2 28. Nc5 Bb5 29. Rb7+ Kg6 30. Ne6 Bf1 31. Rxg7+ Kh6 32. Kh3 a5 33. Rg8 Bc4 34. Re8 Rd2 35. Nf8 Kg7 36. Ra8 Bf7 37. g3 h5 38. f4 Bc4 0-1

[Event "*** SCC Grand Prix: Titled Tuesday Blitz"]
[Site "Chess.com"]
[Date "2020.06.09"]
[Round "8"]
[White "thedjoker98"]
[Black "pooh2012"]
[Result "0-1"]
[WhiteElo "2527"]
[BlackElo "2431"]
[TimeControl "180+1"]
[EndTime "10:35:40 PDT"]
[Termination "pooh2012 won by resignation"]

1. d4 Nf6 2. c4 e6 3. Nc3 Bb4 4. g3 O-O 5. Bg2 d5 6. Nf3 Nc6 7. O-O dxc4 8. Qa4 a6 9. Ne5 Nxe5 10. Qxb4 Qxd4 11. Be3 Qg4 12. h3 Qg6 13. Bf4 Nfd7 14. Rad1 c5 15. Qa4 Rb8 16. Ne4 b5 17. Qa5 Bb7 18.
Rxd7 Nxd7 19. Bxb8 Bxe4 20. Bd6 Bxg2 21. Kxg2 Qe4+ 22.
Kg1 Rc8 23. Rd1 Qc6 24. Be7 Qb7 25. Qd2 Nf8 26. Qd6 h6 27. Bxf8 Rxf8 28. Qxc5 Qe4 29. Rd2 Qb1+ 30. Kg2 Qxa2 31. g4 Qb3 32. g5 hxg5 33.
Qxg5 c3 34. bxc3 Qxc3 35. Rd3 Qc6+ 36. Kh2 Qc7+ 37. Rg3 f6 38. Qg4 Qf7 39. Rc3 Rd8 40. Qg3 e5 41. Rc6 a5 42. Ra6 a4 43. Ra5 Qc4 44. Ra7 Qf4 45. Rxg7+ Kf8 46. Rg8+ Ke7 47.
Rg7+ Ke6 48. Rb7 Qxg3+ 49. Kxg3 Rd5 50. Ra7 Rd4 51. e3 Rb4 52. h4 Kf5 53. Rg7 a3 54.
h5 a2 55. Ra7 Ra4 56. e4+ Kxe4 57. Rxa4+ bxa4 0-1

[Event "*** SCC Grand Prix: Titled Tuesday Blitz"]
[Site "Chess.com"]
[Date "2020.06.09"]
[Round "8"]
[White "NateSolon"]
[Black "Gabrielian_Artur"]
[Result "0-1"]
[WhiteElo "2541"]
[BlackElo "2752"]
[TimeControl "180+1"]
[EndTime "10:35:41 PDT"]
[Termination "Gabrielian_Artur won on time"]

1. d4 Nf6 2. Bf4 g6 3. Nc3 d5 4. e3 Bg7 5. h4 h5 6. Nf3 O-O 7. Ne5 c5 8. Qd2 cxd4 9. exd4 Nc6 10. O-O-O Bf5 11. Kb1 Rc8 12. Bb5 Nb4 13. Rc1 Qa5 14.
a3 Nxc2 15. Rxc2 Rxc3 16. Bd3 Bxd3 17. Nxd3 Ne4 18. Qe1 Rfc8 19. bxc3 Nxc3+ 20. Rxc3 Rxc3 21. Nb2 Qxa3 22. Rh3 Rxh3 23. gxh3 Bxd4 24. Qd2 Bg7 25. Be3 e6 26. Bd4 Qxh3 27. Bxg7 Kxg7 28. Qd4+ Kg8 29.
Nd3 Qf5 30. Kb2 b6 31. Ne5 Qf6 32. Qc3 Qxf2+ 33. Kb3 Qxh4 34. Nd7 d4 35. Qc8+ Kh7 36.
Qf8 Qf4 37. Qe7 Kg7 38. Qd8 Kh6 0-1

[Event "*** SCC Grand Prix: Titled Tuesday Blitz"]
[Site "Chess.com"]
[Date "2020.06.09"]
[Round "8"]
[White "Nor1lsk"]
[Black "Igor_Lysyj"]
[Result "0-1"]
[WhiteElo "2597"]
[BlackElo "2748"]
[TimeControl "180+1"]
[EndTime "10:35:41 PDT"]
[Termination "Igor_Lysyj won by resignation"]

1. e4 e5 2. Nf3 Nc6 3. Nc3 Nf6 4. a3 d5 5. Bb5 Nxe4 6. Qe2 Nxc3 7. Qxe5+ Qe7 8. dxc3 Bd7 9. Qxe7+ Bxe7 10. Bf4 O-O-O 11.
O-O-O a6 12. Be2 Bg4 13. h3 Bh5 14. Rhe1 Bc5 15. Nd4 Bxe2 16. Rxe2 Rhe8 17. Rxe8 Rxe8 18. Nxc6 bxc6 19. f3 f6 20. Kd2 g5 21. Bg3 f5 22.
Re1 Rxe1 23. Kxe1 Be3 24. a4 Kd7 25. Bf2 Bxf2+ 26. Kxf2 f4 27. Ke2 c5 28. b3 c4 29. Kd2 cxb3 30. cxb3 c5 31. b4 Kc6 32. Kd3 Kd6 33. Kd2 d4 34. bxc5+ Kxc5 35. Kd3 dxc3 36. Kxc3 a5 37. Kd3 Kb4 38. Kd4 Kxa4 39. Kc4 Ka3 40. Kc3 a4 41. Kc2 Kb4 0-1

[Event "*** SCC Grand Prix: Titled Tuesday Blitz"]
[Site "Chess.com"]
[Date "2020.06.09"]
[Round "8"]
[White "MomchilPetkov"]
[Black "lucachess49"]
[Result "1-0"]
[WhiteElo "2546"]
[BlackElo "2358"]
[TimeControl "180+1"]
[EndTime "10:35:41 PDT"]
[Termination "MomchilPetkov won by checkmate"]

1. d4 Nf6 2. c4 e6 3. Nc3 Bb4 4. Bd2 O-O 5. Nf3 d6 6. e3 Nbd7 7. a3 Bxc3 8. Bxc3 Ne4 9. Qc2 Nxc3 10. Qxc3 Nf6 11. Bd3 b6 12. e4 Bb7 13. d5 exd5 14.
exd5 Re8+ 15. Kf1 Qd7 16. Nd4 Qg4 17. h3 Qf4 18. g3 Qg5 19. f4 Qh5 20. g4 Nxg4 21. Be2 f5 22. Kg1 Rxe2 23. Nxe2 Nf6 24. Ng3 Qg6 25. Kh2 Re8 26. Rae1 Ne4 27. Nxe4 fxe4 28. Rhg1 Qf7 29. Rg3 Bc8 30. Rxg7+ Qxg7 31. Rg1 Re7 32. Qf6 Qxg1+ 33. Kxg1 Rf7 34. Qd8+ Rf8 35. Qg5+ Kh8 36. Qe7 Rg8+ 37. Kf2 Bxh3 38. Qf6+ Rg7 39. Qf8+ Rg8 40. Qf6+ Rg7 41. Ke3 h5 42. Qh6+ Rh7 43.
Qf8# 1-0

[Event "*** SCC Grand Prix: Titled Tuesday Blitz"]
[Site "Chess.com"]
[Date "2020.06.09"]
[Round "8"]
[White "Gerodot71"]
[Black "IriBu"]
[Result "0-1"]
[WhiteElo "2397"]
[BlackElo "2533"]
[TimeControl "180+1"]
[EndTime "10:35:41 PDT"]
[Termination "IriBu won by resignation"]

1. d4 Nf6 2. c4 g6 3. Nc3 Bg7 4. e4 d6 5. Be2 O-O 6. Be3 c5 7. dxc5 dxc5 8. e5 Nfd7 9. f4 Nc6 10. Nf3 f6 11. exf6 exf6 12. O-O Kh8 13. Qd2 Re8 14. Bf2 Qe7 15. Nd5 Qxe2 16. Qc1 Rf8 17. Re1 Qd3 18. Nh4 Nd4 19. Bxd4 Qxd4+ 20. Kh1 Nb6 21.
Nxb6 axb6 22. Rd1 Qe4 23. Re1 Qc6 24. Qc3 f5 25. Qh3 Kg8 26. Re7 Be6 27. Re1 Bxc4 28. Rxg7+ Kxg7 29. Qc3+ Qf6 30. Re7+ Rf7 31. Rxf7+ Bxf7 32. Qg3 Rd8 33. h3 Rd2 34. Nf3 Rd1+ 35. Kh2 Qxb2 36.
Qg5 Qf6 37. Qg3 Bd5 38. Ne5 Rd2 39. Nf3 Bxf3 40. Qxf3 Rd7 41. Kg3 c4 42. h4 Rd3 0-1

[Event "*** SCC Grand Prix: Titled Tuesday Blitz"]
[Site "Chess.com"]
[Date "2020.06.09"]
[Round "8"]
[White "eightbyeightchess"]
[Black "DACF2905"]
[Result "1-0"]
[WhiteElo "2386"]
[BlackElo "2230"]
[TimeControl "180+1"]
[EndTime "10:35:42 PDT"]
[Termination "eightbyeightchess won on time"]

1. e4 c5 2. Nf3 Nc6 3. d4 cxd4 4. Nxd4 Nf6 5. Nc3 Qb6 6. Nb3 e6 7. Be3 Qd8 8. Be2 a6 9. O-O d6 10. f4 Qc7 11. Qe1 Be7 12. Rd1 b5 13. Bf3 Bb7 14. Ne2 O-O 15. c3 Rfd8 16. Qf2 Nd7 17. Nbd4 Na5 18. b3 Rac8 19. f5 e5 20. Nc2 Nc6 21.
f6 Bxf6 22. Ng3 g6 23. Bg4 Be7 24. Qxf7+ Kh8 25. Bh6 Rg8 26. Ne3 Ncb8 27. Nef5 Bf8 28.
Bg5 gxf5 29. Rxf5 Bg7 30. Nh5 Rcf8 31. Qe7 Rxf5 32. Bxf5 Qc5+ 33. Kh1 Qxc3 34. Bxd7 Nxd7 35. Qxd7 Bxe4 36. Nxg7 1-0

[Event "*** SCC Grand Prix: Titled Tuesday Blitz"]
[Site "Chess.com"]
[Date "2020.06.09"]
[Round "8"]
[White "mattcolins2025"]
[Black "Morshynska"]
[Result "1-0"]
[WhiteElo "2387"]
[BlackElo "2219"]
[TimeControl "180+1"]
[EndTime "10:35:42 PDT"]
[Termination "mattcolins2025 won by resignation"]

1. d4 Nf6 2. c4 g6 3. Nc3 d5 4.
cxd5 Nxd5 5. e4 Nxc3 6. bxc3 Bg7 7. Nf3 O-O 8. Bd3 c5 9. Be3 Qa5 10. O-O Rd8 11. Bd2 Qc7 12. Rc1 Nc6 13. d5 Bg4 14.
Be2 Na5 15. c4 b6 16. h3 Bxf3 17. Bxf3 Bd4 18. Qe2 e5 19. Bg5 Re8 20. Bf6 Qd6 21. Bg5 f6 22. Bh6 Re7 23. Bg4 Kh8 24. Be6 Rxe6 25.
dxe6 Qxe6 26. Qg4 f5 27. exf5 gxf5 28. Qh4 Rg8 29. Kh1 e4 30. Be3 Nxc4 31. Bxd4+ cxd4 32. Rfd1 d3 33. Qf4 b5 34. Rb1 a6 35. Re1 Qg6 36.
g3 d2 37. Red1 Qe6 38. Rb3 Qd5 39. Kg1 a5 40. Rc3 Rd8 41. Rc2 b4 42. Qg5 Rc8 43. Qf6+ Kg8 44. Rdxd2 Nxd2 45. Rxc8+ 1-0

[Event "*** SCC Grand Prix: Titled Tuesday Blitz"]
[Site "Chess.com"]
[Date "2020.06.09"]
[Round "8"]
[White "Mbneu"]
[Black "Dmitry_Konenkin"]
[Result "1-0"]
[WhiteElo "2243"]
[BlackElo "2367"]
[TimeControl "180+1"]
[EndTime "10:35:42 PDT"]
[Termination "Mbneu won on time"]

1. d4 d6 2. f4 g6 3. Nf3 Bg7 4. e4 Nf6 5. Bd3 O-O 6. e5 dxe5 7.
fxe5 Ng4 8. h3 Nh6 9. Bf4 Nf5 10.
c3 c5 11. Be4 e6 12. O-O cxd4 13. cxd4 Nc6 14. Nc3 Ncxd4 15. Nxd4 Qxd4+ 16. Qxd4 Nxd4 17. Rfd1 Nc6 18. Bxc6 bxc6 19. Rd6 Bb7 20. Na4 Rac8 21. Nc5 Rc7 22. b3 Rfc8 23. Rad1 Bf8 24. Rd8 Kg7 25.
Nxb7 Rxd8 26. Nxd8 Be7 27. Bg3 Kf8 28. Be1 Bc5+ 29.
Kh1 Ke7 30. Bh4+ Ke8 31. Nxc6 Rc8 32. Na5 Bb6 33. Nc4 Bc5 34. Nd6+ Bxd6 35. exd6 Kd7 36. Be7 Rc2 37. Rd4 Rxa2 38. Rb4 Ra1+ 39. Kh2 Kc6 40. Rc4+ 1-0

[Event "*** SCC Grand Prix: Titled Tuesday Blitz"]
[Site "Chess.com"]
[Date "2020.06.09"]
[Round "8"]
[White "Saloni1299"]
[Black "Bhagya_2312"]
[Result "1-0"]
[WhiteElo "2244"]
[BlackElo "2120"]
[TimeControl "180+1"]
[EndTime "10:35:43 PDT"]
[Termination "Saloni1299 won by resignation"]

1. e4 c6 2. d4 d5 3. e5 Bf5 4. h4 h5 5. Bd3 Bxd3 6. Qxd3 e6 7. Bg5 Be7 8. Nf3 Qb6 9. Nc3 Nd7 10. O-O c5 11. b3 cxd4 12. Ne2 Bxg5 13. hxg5 Ne7 14. Nexd4 Ng6 15. Rfe1 h4 16. c4 dxc4 17. Qxc4 O-O 18.
Qd3 Rad8 19. Qe4 Nc5 20. Qg4 Nd3 21. Re3 Ndxe5 22. Nxe5 Nxe5 23. Rxe5 Rxd4 24. Qh5 Qd6 25. Rae1 g6 26. Qf3 b6 27. R5e4 Rxe4 28. Qxe4 Qd2 29. Re2 Qxg5 30. Kh2 Rd8 31. Re3 Rd5 32. Rh3 Qf5 33.
Qxh4 Kf8 34. Qb4+ Kg7 35. Qc3+ Qf6 36. Rh7+ 1-0

[Event "*** SCC Grand Prix: Titled Tuesday Blitz"]
[Site "Chess.com"]
[Date "2020.06.09"]
[Round "8"]
[White "dianamirza"]
[Black "Vitor-Moraes"]
[Result "0-1"]
[WhiteElo "1994"]
[BlackElo "1966"]
[TimeControl "180+1"]
[EndTime "10:35:43 PDT"]
[Termination "Vitor-Moraes won on time"]

1. d4 Nf6 2. Nf3 e6 3. e3 d5 4.
Bd3 Bd6 5. Nbd2 O-O 6. b3 Nbd7 7.
Bb2 Re8 8. O-O e5 9. dxe5 Nxe5 10. Nxe5 Bxe5 11. Bxe5 Rxe5 12. Nf3 Re8 13. c4 b6 14. cxd5 Nxd5 15. Rc1 Bb7 16. Qc2 h6 17. Bb5 Rf8 18. Rfd1 Qf6 19. Qe4 c6 20. Bc4 Rfe8 21. Qg4 Rad8 22.
Nd4 Ne7 23. Bd3 Nd5 24. Nf5 Nb4 25. Bc4 b5 26. Be2 Nxa2 27. Rc2 Nb4 28. Rcd2 Rxd2 29. Rxd2 Bc8 30. e4 Bxf5 31. exf5 Nd5 32. Qg3 Rxe2 33.
Rxe2 Qa1+ 0-1